 Dungeon Crawl Stone Soup version 0.21-a0-401-g0b6bec4 (console) character file.

32 firefreeman the Shooter (level 3, -1/29 HPs)
             Began as a Centaur Hunter on Oct 25, 2017.
             Slain by an adder (3 damage)
             ... on level 2 of the Dungeon.
             The game lasted 00:06:01 (798 turns).

firefreeman the Shooter (Centaur Hunter)             Turns: 798, Time: 00:06:03

Health: -1/29      AC:  4    Str: 14    XL:     3   Next: 10%
Magic:  3/3        EV:  9    Int: 10    God:
Gold:   67         SH:  0    Dex: 10    Spells: 2/2 levels left

rFire    . . .     SeeInvis .   b - +0 short sword
rCold    . . .     Gourm    .   (no shield)
rNeg     . . .     Faith    .   c - +0 leather armour
rPois    .         Spirit   .   (no helmet)
rElec    .         Reflect  .   (no cloak)
rCorr    .         Harm     .   (no gloves)
MR       .....                  (no barding)
Stlth    +.........             (no amulet)
HPRegen  0.09/turn              (no ring)
MPRegen  0.08/turn              (no ring)

@: lethally poisoned (-1 -> -7), very quick
A: hooves 3, deformed body, speed 2, tough skin 3
a: no special abilities


You were on level 2 of the Dungeon.
You were not hungry.

You visited 1 branch of the dungeon, and saw 3 of its levels.

You collected 67 gold pieces.

Inventory:

Hand Weapons
 a - a +1 shortbow
 b - a +0 short sword (weapon)
 k - a +2 dagger of flaming
Missiles
 d - 16 arrows
 o - 7 javelins (quivered)
Armour
 c - a +0 leather armour (worn)
Scrolls
 h - a scroll of magic mapping {unknown}
 l - a scroll of identify {unknown}
 p - a scroll of amnesia {unknown}
Potions
 e - 2 potions of heal wounds {unknown}
 j - a potion of brilliance {unknown}
 m - a potion of curing {unknown}
 n - a potion of haste {unknown}
Comestibles
 f - 2 bread rations
 g - a meat ration
 i - 5 chunks of flesh


   Skills:
 - Level 2.0 Fighting
 + Level 6.7 Bows
 - Level 1.3 Dodging
 - Level 0.4 Stealth


You had 2 spell levels left.
You didn't know any spells.

Dungeon Overview and Level Annotations

Branches:
Dungeon (3/15)

Altars:


Innate Abilities, Weirdness & Mutations

You have hooves in place of feet.
Armour fits poorly on your strangely shaped body.
You cover ground very quickly.
You have extremely tough skin. (AC +3)


Message History

The adder is moderately wounded.
You feel sick. The adder barely misses you.
You barely miss the adder. You kick the adder.
The adder is almost dead.
The adder bites you but does no damage.
You barely miss the adder. Your kick misses the adder.
The adder is almost dead.
The adder bites you.
* * * LOW HITPOINT WARNING * * *
You are lethally poisoned!
The adder poisons you! The adder barely misses you.
You closely miss the adder.
The adder is almost dead.
* * * LOW HITPOINT WARNING * * *
You feel sick. The adder bites you but does no damage.
You hit the adder but do no damage. Your kick misses the adder.
The adder is almost dead.
* * * LOW HITPOINT WARNING * * *
You feel sick. The adder bites you but does no damage. The adder bites you.
You die...

#..#.#####
#..#.###.#
##
#..#.#...#
#.
####.#.#.#
#. #......
#. #.#...#
#. #.#.#..
######.###
######.#.#.#
.......@.#
#..........#
######S#.#
#†####.#.###
...#.# #.#
#.#....
#.#..#.# #.#
#.##### #
#..#.# #.#
#.# ####.#
#.# #.# #.#
#.# #.#
##.####.# ..
#.....(.#


You could see an adder.

Vanquished Creatures
  An ooze (D:1)
  A worm (D:2)
  A ball python (D:2)
  A bat (D:1)
  4 goblins (D:1)
  3 hobgoblins
  4 jackals (D:2)
  5 kobolds (D:1)
  2 rats
22 creatures vanquished.

Notes
Turn   | Place    | Note
-------+----------+-------------------------------------------
     0 | D:1      | firefreeman the Centaur Hunter began the quest for the Orb.
     0 | D:1      | Reached XP level 1. HP: 17/17 MP: 1/1
    74 | D:1      | Reached XP level 2. HP: 24/24 MP: 2/2
    75 | D:1      | Reached skill level 6 in Bows
   687 | D:2      | Reached XP level 3. HP: 29/29 MP: 3/3
   798 | D:2      | Slain by an adder

Vault maps used:
D:1:      lightli_arrival_boilingwater, hangedman_decor_clover_reticule,
          minmay_misc_feat_secret_circle, minmay_misc_feat_columns
D:2:      overflow_temple_1_default, first_bread, uniq_sigmund,
          uniq_crazy_yiuf_cottage
D:3:      lemuel_coloured_pillars_altar, minmay_misc_feat_room

Skill      XL: |  1  2 |
---------------+-------+-----
Bows           | 6 |  6.7
Fighting       | |  2.0
Dodging        | |  1.3
Stealth        | |  0.4

Action                   || total
-------------------------++-------
Melee: Short sword       ||    10
       Kick              ||     1
 Fire: Shortbow          ||    65
Armor: Leather armour    ||     8
Dodge: Dodged            ||     8

Table legend:
 A = Spawn XP
 B = Non-spawn XP
 C = Spawn XP percentage of total XP
 D = Spawn monster count
 E = Non-spawn monster count
 F = Spawn count percentage of total count
 G = Total turns spent on level
                    A         B        C        D         E        F      G
               +---------+---------+-------+---------+---------+-------+---------
         Total |       0 |      47 |   0.0 |       0 |      22 |   0.0 |   798
               +---------+---------+-------+---------+---------+-------+---------
           D:1 |       0 |      27 |   0.0 |       0 |      13 |   0.0 |   589
           D:2 |       0 |      20 |   0.0 |       0 |       9 |   0.0 |   207
               +---------+---------+-------+---------+---------+-------+---------
